 Dungeon Crawl Stone Soup version 0.32-a0-656-g3542139ebd (webtiles) character file.

Game seed: 4525337238062555105

1124 ragingrage the Vexing (level 7, 0/52 HPs)
             Began as a Demigod Wanderer on Mar 9, 2024.
             Slain by a gnoll bouda
             ... wielding a +0 club
              (11 damage)
             ... on level 5 of the Dungeon.
             The game lasted 00:07:02 (5470 turns).

ragingrage the Vexing (Demigod Wanderer)            Turns: 5470, Time: 00:07:03

Health: 0/52       AC:  5    Str: 14    XL:     7   Next: 89%
Magic:  3/15       EV: 11    Int: 19    God:
Gold:   155        SH:  0    Dex: 15    Spells: 9/13 levels left

rFire   . . .        v - +1 dagger (protect)
rCold   + . .        (no shield)
rNeg    . . .        E - +0 leather armour
rPois   .            t - +0 helmet
rElec   .            j - +0 cloak
rCorr   .            (no gloves)
SInv    .            (no boots)
Will    .....        (no amulet)
Stlth   ++           o - +4 ring of slaying
HPRegen 0.28/turn    u - ring of protection from cold
MPRegen 0.14/turn

%: no passive effects
@: about to teleport, weakened
A: high MP 1, forlorn, divine attributes
a: no special abilities


You were on level 5 of the Dungeon.
You visited 1 branch of the dungeon, and saw 6 of its levels.

You collected 331 gold pieces.
You spent 176 gold pieces at shops.

Inventory:

Hand Weapons
 a - a +0 hand axe
 b - a +0 sling
 v - a +1 dagger of protection (weapon)
Missiles
 e - 4 atropa-tipped darts
 x - 6 poisoned darts
Armour
 j - a +0 cloak (worn)
 t - a +0 helmet (worn)
 E - a +0 leather armour (worn)
Jewellery
 o - a +4 ring of slaying (left hand)
 q - a ring of fire
 u - a ring of protection from cold (right hand)
Wands
 k - a wand of roots (9)
 H - a wand of paralysis (9)
Scrolls
 d - a scroll of fear {unknown}
 g - 4 scrolls of identify
 h - 3 scrolls of enchant armour
 i - a scroll of noise {unknown}
 l - 2 scrolls of amnesia
 m - a scroll of acquirement {unknown}
 n - a scroll of revelation {unknown}
 s - a scroll of fog {unknown}
 C - a scroll of poison {unknown}
 D - a scroll of enchant weapon {unknown}
 G - 3 scrolls of torment {unknown}
Potions
 f - 2 potions of might
 p - 2 potions of heal wounds {unknown}
 r - a potion of invisibility {unknown}
 w - a potion of attraction {unknown}
 z - a potion of mutation {unknown}
 A - a potion of degeneration {unknown}
 B - a potion of curing {unknown}
 F - a potion of ambrosia {unknown}


   Skills:
 - Level 1.0 Fighting
 - Level 4.0 Short Blades
 - Level 1.7 Axes
 - Level 1.7 Armour
 - Level 2.0 Stealth
 - Level 3.6 Spellcasting
 - Level 4.0 Conjurations
 + Level 4.1 Hexes
 - Level 4.0 Alchemy


You had 9 spell levels left.
You knew the following spells:

 Your Spells              Type           Power      Damage    Failure   Level
a - Sting                 Conj/Alch      72%        1d7       3%          1
b - Confusing Touch       Hex            19%        N/A       10%         3

Your spell library contained the following spells:

 Spells                   Type           Power      Damage    Failure   Level
 Momentum Strike          Conj/Tloc      22%        3d8       12%         2
 Blink                    Tloc           6%         N/A       26%         2
 Lesser Beckoning         Tloc           6%         N/A       26%         2
 Gell's Gravitas          Tloc           3%         N/A       47%         3
 Summon Ice Beast         Ice/Summ       3%         N/A       47%         3
 Swiftness                Air            3%         N/A       47%         3
 Teleport Other           Tloc           3%         N/A       47%         3


Dungeon Overview and Level Annotations

Branches:
Dungeon (6/15)             Temple (0/1) D:5

Shops:
D:1 [   D:4 *

Annotations:
D:4 exclusion: 2 doors
D:5 2 transporters


Innate Abilities, Weirdness & Mutations

You have an increased reservoir of magic. (+10% MP)
You shall have no god before yourself.
Your divine heritage dramatically boosts your attributes as you level up.


Message History

Really abort (and waste the scroll)?
Okay, then.
The orc hits you but does no damage.
Your magical contamination has completely faded away.
Okay, then.
Press: ? - help, v - describe, . - travel, g - get item
Here: an orc, wielding a +0 war axe (severely wounded)
Items here: $ )) [[ †.
The floor.
Unknown command.
As you read the scroll labelled RYCALO TAIHI, it crumbles to dust.
You feel strangely unstable.
It was a scroll of teleportation.
The orc barely misses you.
You closely miss the orc.
Your attacks no longer feel as feeble.
The orc hits you with a +0 war axe.
* * * LOW HITPOINT WARNING * * *
The gnoll bouda barks out a call to the hunt!
The gnoll picks up the pace!
You completely miss the orc. The orc barely misses you.
Aiming: Sting (safe; 3% risk of failure)
Press: ? - help, Q - select action, (/) - cycle Shift-Dir - straight line, f - orc
Aim: an orc, wielding a +0 war axe (severely wounded, 74% to hit)
The sting hits the orc.
The orc is poisoned.
You kill the orc!
You closely miss the gnoll bouda. The gnoll bouda closely misses you.
Aiming: Sting (safe; 3% risk of failure)
Press: ? - help, Q - select action, (/) - cycle Shift-Dir - straight line, f - gnoll bouda
Aim: a gnoll bouda, wielding a +0 club and wearing a +0 leather armour (77% to hit)
The sting hits the gnoll bouda.
The gnoll bouda is poisoned.
Your surroundings flicker for a moment.
The gnoll bouda hits you with a +0 club.
* * * LOW HITPOINT WARNING * * *
Unknown command.
As you read the scroll of teleportation, it crumbles to dust.
You feel strangely unstable.
The gnoll bouda gazes fiercely through you!
You feel your attacks grow feeble.
The gnoll bouda hits you with a +0 club!
You die...

..### #........##.##..#
....####....######....##
..#.........#####..####
......##....#......#
_..<#..#.......#####
..............##
..÷.###......##
...#..........#####
.....#......#.gg@.# .
...##..####..####.##...
##...........)###......
....##........o..##.#
###...........##..#.#
Pß#.#.........###.# .
..#...........# .# .
$©#©........... .o ..
..#..#........#. o..


You could see a gnoll bouda (poisoned) and a gnoll (swift).

Vanquished Creatures
  Sigmund (D:3)
  A water moccasin (D:4)
  An ice beast (D:6)
  A sky beast (D:6)
  A black bear (D:6)
  2 phantoms (D:4)
  A bullfrog (D:6)
  An orc priest (D:5)
  A hound (D:5)
  A jelly (D:4)
  Jessica (D:3)
  Natasha (thrice) (D:4)
  2 iguanas
  Robin (D:3)
  3 gnolls
  3 adders
  2 ufetubi (D:6)
  2 ribbon worms
  A dart slug (D:1)
  8 orcs
  4 bats
  3 endoplasms
  3 giant cockroaches
  2 hobgoblins
  4 jackals (D:1)
  3 kobolds (D:4)
  9 ball pythons
  3 frilled lizards (D:1)
  14 goblins
  4 rats
86 creatures vanquished.

Vanquished Creatures (others)
  An angel (D:5)
1 creature vanquished.

Grand Total: 87 creatures vanquished

Notes
Turn   | Place    | Note
-------+----------+-------------------------------------------
     0 | D:1      | ragingrage the Demigod Wanderer began the quest for the
                  | Orb.
     0 | D:1      | ragingrage set off with the following items: a +0 hand axe,
                  | a +0 scale mail, a scroll of blinking; and the following
                  | spell memorised: Sting; and the following spells available
                  | to memorise: Confusing Touch, Summon Ice Beast, Swiftness.
     0 | D:1      | Reached XP level 1. HP: 16/16 MP: 7/7
   254 | D:1      | Reached skill level 1 in Conjurations
   254 | D:1      | Reached skill level 1 in Alchemy
   262 | D:1      | Reached XP level 2. HP: 17/23 MP: 9/9
   746 | D:1      | Found Seickupn's Armour Boutique.
  1491 | D:2      | Reached XP level 3. HP: 26/28 MP: 7/10
  1813 | D:3      | Noticed Sigmund
  2167 | D:3      | Noticed Robin
  2187 | D:3      | Killed Robin
  2293 | D:3      | Killed Sigmund
  2294 | D:3      | Reached XP level 4. HP: 30/35 MP: 2/12
  2294 | D:3      | Reached XP level 5. HP: 34/40 MP: 2/13
  2483 | D:3      | Noticed Jessica
  2488 | D:3      | Killed Jessica
  3097 | D:4      | Reached skill level 1 in Short Blades
  3097 | D:4      | Reached XP level 6. HP: 46/47 MP: 14/14
  3157 | D:4      | Noticed a water moccasin
  3213 | D:4      | Learned a level 3 spell: Confusing Touch
  3309 | D:5      | Entered Level 5 of the Dungeon
  3565 | D:4      | Noticed Natasha
  3574 | D:4      | Killed Natasha
  3581 | D:4      | Noticed Natasha
  3587 | D:4      | Killed Natasha
  3703 | D:4      | Killed a water moccasin
  3704 | D:4      | Reached skill level 1 in Hexes
  3783 | D:4      | Noticed Natasha
  3789 | D:4      | Found Qosoemugh's Assorted Antiques.
  3808 | D:4      | Bought a fuming white potion for 23 gold pieces
  3808 | D:4      | Bought an amethyst potion for 23 gold pieces
  3808 | D:4      | Bought a scroll labelled MIFFEA ABIKKO for 26 gold pieces
  3808 | D:4      | Bought a scroll labelled JYGERI RYWKIAM for 26 gold pieces
  3808 | D:4      | Bought a scroll labelled JOAROUG UMOT for 26 gold pieces
  3808 | D:4      | Bought a scroll labelled KEAD RECIED for 26 gold pieces
  3808 | D:4      | Bought a scroll labelled KEAD RECIED for 26 gold pieces
  3994 | D:4      | Killed Natasha
  4113 | D:5      | Noticed an angel
  4142 | D:4      | Reached skill level 1 in Stealth
  4142 | D:4      | Reached XP level 7. HP: 52/52 MP: 11/15
  4320 | D:5      | Found a transporter.
  4320 | D:5      | Found a staircase to the Ecumenical Temple.
  4334 | D:5      | Found a transporter.
  5169 | D:6      | Noticed a two-headed ogre
  5338 | D:5      | Killed an angel
  5470 | D:5      | Slain by a gnoll bouda

Illustrated notes

Levels and vault maps discovered:
D:1:      lemuel_arrival_behind_the_door_small, layout_basic, serial_shops, shop
D:2:      layout_loops_ring, hellmonk_ecumenical_altar_arch_garden
D:3:      layout_rooms, serial_bayou_pond_e, uniq_robin, uniq_sigmund,
          uniq_jessica
D:4:      layout_basic, mainiacjoe_overflow_six_doors_small, serial_shops,
          nicolae_shop_dealshenge, uniq_natasha
D:5:      gammafunk_steamed_eel, layout_rooms,
          grunt_temple_overflow_order_and_chaos_1,
          minmay_temple_entry_statues_fountains
D:6:      minmay_general_purpose_star, layout_basic, uniq_eustachio

Skill      XL: |  1  2  3  4  5  6  7 |
---------------+----------------------+-----
Conjurations   | 1 3 4 |  4.0
Alchemy        | 1 3 4 |  4.0
Short Blades   | 1 2 4 |  4.0
Hexes          | 2 4 |  4.1
Stealth        | 1 2 |  2.0
Fighting       | |  1.0
Axes           | |  1.7
Armour         | |  1.7
Spellcasting   | |  3.6

Action                     |  1- 3 |  4- 6 |  7- 9 || total
---------------------------+-------+-------+-------++-------
  Melee: Hand axe          |    90 |     9 |       ||    99
         Dagger            |       |    79 |    43 ||   122
   Fire: Sling             |     3 |       |       ||     3
   Cast: Sting             |    27 |    47 |    50 ||   124
  Evoke: Wand              |       |       |     1 ||     1
    Use: Potion            |       |     1 |       ||     1
         Scroll            |       |       |     5 ||     5
   Stab: Sleeping          |       |       |     1 ||     1
 Armour: Scale mail        |   129 |    82 |       ||   211
         Leather armour    |       |     8 |    60 ||    68
  Dodge: Dodged            |    52 |    58 |    47 ||   157

Table legend: (Time is in decaauts)
 A = Elapsed time spent in this place.
 B = Non-inter-level travel time spent in this place.
 C = Inter-level travel time spent in this place.
 D = Time resting spent in this place.
 E = Time spent auto-exploring this place.
 F = Levels seen in this place.
 G = Mean time per level.
                   A        B        C        D        E       F      G
               +--------+--------+--------+--------+--------+-----+--------+
         Total |   5483 |   5233 |    250 |    866 |   3428 |   6 |  913.8 |
       Dungeon |   5483 |   5233 |    250 |    866 |   3428 |   6 |  913.8 |
               +--------+--------+--------+--------+--------+-----+--------+

Top non-repeatable levels by time:
     D:4: 1255 daAuts
     D:1: 978 daAuts
     D:3: 957 daAuts
     D:2: 885 daAuts
     D:6: 841 daAuts
     D:5: 564 daAuts
